 Dungeon Crawl Stone Soup version 0.28-a0-773-g130ae17fe5 (webtiles) character file.

Game seed: 11542082323320598279

5151 FexLirch the Grappler (level 10, 0/81 HPs)
             Began as a Ghoul Monk on Nov 2, 2021.
             Was a Priest of Okawaru.
             Slain by a boulder beetle (25 damage)
             ... on level 9 of the Dungeon.
             The game lasted 00:32:23 (9804 turns).

FexLirch the Grappler (Ghoul Monk)                  Turns: 9804, Time: 00:32:23

Health: 0/81       AC:  5    Str: 17    XL:     10   Next: 59%
Magic:  11/11      EV: 13    Int:  4    God:    Okawaru [***...]
Gold:   315        SH:  5    Dex: 12    Spells: 8/9 levels left

rFire   + . .      SeeInvis .     - Unarmed
rCold   + + +      Faith    .   (no shield)
rNeg    + + +      Spirit   .   h - +1 leather armour {rC+}
rPois   ∞          Reflect  +   (no helmet)
rElec   .          Harm     .   t - +0 cloak
rCorr   .          Rampage  .   (no gloves)
Will    .....                   (no boots)
Stlth   +++.......              A - amulet of reflection
HPRegen 0.00/turn               y - ring "Dorronna" {rC+ Int-2 Slay+4 Stlth+}
MPRegen 0.12/turn               b - ring of protection from fire

@: inhibited regen
A: claws 1, cold resistance 1, negative energy resistance 3, inhibited
regeneration, torment resistance 2
a: Renounce Religion, Heroism


You were on level 9 of the Dungeon.
You worshipped Okawaru.
Okawaru was most pleased with you.
You visited 2 branches of the dungeon, and saw 11 of its levels.

You collected 471 gold pieces.
You spent 156 gold pieces at shops.

Inventory:

Hand Weapons
 E - a +0 hand crossbow of freezing
Missiles
 e - 74 sling bullets
 g - 110 arrows
 i - 252 stones
 k - 38 poisoned darts (quivered)
 m - 11 javelins
 n - 71 bolts
 G - a curare-tipped dart
Armour
 a - a +0 robe
 h - a +1 leather armour of cold resistance (worn)
 p - a +0 scale mail
 t - a +0 cloak (worn)
Jewellery
 b - a ring of protection from fire (right claw)
 j - an amulet of faith
 y - the ring "Dorronna" (left claw) {rC+ Int-2 Slay+4 Stlth+}
   (You found it on level 6 of the Dungeon)

   [ring of slaying]

   Int:       It affects your intelligence (-2).
   Slay:      It affects your accuracy & damage with ranged weapons and melee
   (+4).
   rC:        It protects you from cold.
   Stlth:     It makes you more stealthy.
 A - an amulet of reflection (around neck)
 D - an amulet of magic regeneration
 F - a +6 ring of intelligence
Wands
 v - a wand of iceblast (12)
Scrolls
 c - 4 scrolls of enchant weapon
 f - 2 scrolls of summoning {unknown}
 l - a scroll of fear {unknown}
 q - 6 scrolls of teleportation
 u - a scroll of immolation {unknown}
Potions
 d - 2 potions of berserk rage
 o - 4 potions of curing
 r - a potion of ambrosia {unknown}
 s - a potion of brilliance {unknown}
 w - a potion of might {unknown}
 z - a potion of attraction {unknown}
 B - a potion of magic {unknown}
 C - a potion of invisibility {unknown}


   Skills:
 + Level 5.3 Fighting
 + Level 3.3 Armour
 + Level 4.4 Dodging
 - Level 2.1 Stealth
 + Level 3.2 Shields
 + Level 14.1 Unarmed Combat
 + Level 3.8 Invocations


You had 8 spell levels left.
You knew the following spells:

 Your Spells              Type           Power      Damage    Failure   Level
a - Summon Small Mammal   Summ           0%         N/A       56%         1

Your spell library contained the following spells:

 Spells                   Type           Power      Damage    Failure   Level
 Apportation              Tloc           0%         N/A       56%         1
 Magic Dart               Conj           0%         1d3       56%         1
 Shock                    Conj/Air       0%         1d3       56%         1
 Dazzling Flash           Conj/Hex       0%         N/A       90%         3
 Mephitic Cloud           Conj/Pois/Air  0%         N/A       90%         3
 Swiftness                Air            0%         N/A       90%         3
 Airstrike                Air            0%         N/A       100%        4
 Agony                    Necr           0%         N/A       100%        5
 Silence                  Hex/Air        0%         N/A       100%        5
 Animate Skeleton         Necr           Unusable   N/A       N/A         1
 Call Imp                 Summ           Unusable   N/A       N/A         2

Dungeon Overview and Level Annotations

Branches:
Dungeon (10/15)            Temple (1/1) D:7             Orc (0/2) D:9
   Lair: D:8-11

Altars:
Ashenzari
Cheibriados
Dithmenos
Elyvilon
Fedhas
Gozag
Hepliaklqana
Kikubaaqudgha
Makhleb
Nemelex Xobeh
Okawaru
Qazlal
Ru
Trog
Uskayaw
Vehumet
Wu Jian
Yredelemnul
Zin
The Shining One

Shops:
D:5 *   D:6 [!:(   D:9 *[=(*


Innate Abilities, Weirdness & Mutations

You thrive by killing the living.
You are immune to poison.
You have sharp fingernails.
Your flesh is cold resistant. (rC+)
You are immune to negative energy. (rN+++)
You do not regenerate when monsters are visible.
You are immune to unholy pain and torment.


Message History

You open the door.
There is an open door here.
As you open the door, it creaks loudly!
There is an open door here.
You open the door.
There is an open door here.
You open the door.
There is an open door here.
g - 110 arrows (gained 18)
You open the door.
Found an escape hatch in the floor.
There is an open door here.
You open the door.
There is an open door here.
You now have 315 gold pieces (gained 9).
Found a stone staircase leading down.
i - 252 stones (gained 16)
You open the door.
A boulder beetle and an orc warrior come into view.
There is an open door here.
The boulder beetle leaps!
The boulder beetle curls into a ball and begins rolling!
The boulder beetle hits you.
The boulder beetle stops rolling and uncurls.
The boulder beetle bites you!! The boulder beetle bites you!
You scratch the boulder beetle.
The boulder beetle is lightly wounded.
The boulder beetle bites you!
You barely miss the boulder beetle.
The boulder beetle is lightly wounded.
You scratch the boulder beetle but do no damage.
You claw the boulder beetle!
The boulder beetle is lightly wounded.
The boulder beetle bites you!!
* * * LOW HITPOINT WARNING * * *
Okay, then.
Unknown command.
You feel much better. The boulder beetle bites you!!
You die...

#######
####.....###########
#..#.....#..........
#..'.....'..........
#..#.....#@.........
#..#....>#.B..#####
#..#.....#....###.##
#..#.....#.........#
#..#.....#.........#
#..#.....#........># oo
#..#.....#######'#####+##..
#..# ............o.....
#..# ..............o...


You could see a boulder beetle.

Vanquished Creatures
  Pikel (D:7)
  4 wyverns
  8 yaks
  2 water moccasins
  Duvessa (D:5)
  An orc warrior (D:9)
  An ice beast (D:5)
  2 sky beasts
  4 black bears
  An ogre (D:5)
  3 necrophages
  2 lemures (D:7)
  A scorpion (D:6)
  A wyvern zombie (D:8)
  4 bullfrogs
  Dowan (D:5)
  A water moccasin skeleton (D:4)
  3 killer bees (D:4)
  3 wights (D:9)
  2 howler monkeys (D:8)
  A bullfrog zombie (D:6)
  A hound (D:3)
  2 jellies
  3 orc priests
  10 orc wizards
  2 iguanas
  A killer bee zombie (D:9)
  A hound zombie (D:5)
  A hound skeleton (D:5)
  7 adders
  A white imp (D:6)
  3 ufetubi
  2 worms (D:2)
  A dart slug (D:4)
  19 orcs
  6 bats
  3 endoplasms
  4 giant cockroaches
  7 goblins
  7 hobgoblins
  4 jackals (D:1)
  2 quokkas
  9 ball pythons
  3 frilled lizards (D:1)
  12 kobolds
  10 rats
168 creatures vanquished.

Vanquished Creatures (others)
  2 lemures (D:7)
  A kobold brigand (D:9)
  A howler monkey (D:7)
  A hound (D:7)
  An orc (D:7)
6 creatures vanquished.

Grand Total: 174 creatures vanquished

Notes
Turn   | Place    | Note
-------+----------+-------------------------------------------
     0 | D:1      | FexLirch the Ghoul Monk began the quest for the Orb.
     0 | D:1      | Reached XP level 1. HP: 19/19 MP: 0/0
    79 | D:1      | Reached XP level 2. HP: 24/26 MP: 1/1
   134 | D:1      | Reached skill level 4 in Unarmed Combat
  1165 | D:1      | Reached XP level 3. HP: 31/31 MP: 2/2
  1261 | D:2      | Found a snail-covered altar of Cheibriados.
  1532 | D:2      | Reached skill level 5 in Unarmed Combat
  1784 | D:2      | Reached XP level 4. HP: 36/38 MP: 3/3
  2228 | D:2      | Reached skill level 6 in Unarmed Combat
  2318 | D:2      | Reached XP level 5. HP: 45/45 MP: 4/4
  2463 | D:2      | Found a faded altar of an unknown god.
  3089 | D:4      | Noticed a necrophage
  3100 | D:4      | Killed a necrophage
  3101 | D:4      | Reached skill level 7 in Unarmed Combat
  3101 | D:4      | Reached XP level 6. HP: 48/51 MP: 5/5
  3163 | D:4      | Reached skill level 8 in Unarmed Combat
  3737 | D:4      | Found an ancient bone altar of Kikubaaqudgha.
  3772 | D:4      | Reached XP level 7. HP: 41/57 MP: 6/6
  4161 | D:5      | Entered Level 5 of the Dungeon
  4170 | D:5      | Reached skill level 9 in Unarmed Combat
  4499 | D:5      | Reached skill level 10 in Unarmed Combat
  4502 | D:5      | Reached XP level 8. HP: 52/63 MP: 7/7
  5210 | D:5      | Found a burning altar of Makhleb.
  5240 | D:5      | Reached skill level 11 in Unarmed Combat
  5505 | D:5      | Found an opulent altar of Gozag.
  5506 | D:5      | Found Gozag's Platinum Reserve.
  5579 | D:6      | Noticed Duvessa
  5579 | D:6      | Noticed Dowan
  5596 | D:5      | Killed Duvessa
  5612 | D:5      | Killed Dowan
  5944 | D:6      | Found Oronn's Antique Weapon Shop.
  5961 | D:6      | Reached skill level 12 in Unarmed Combat
  5988 | D:6      | Noticed a yak
  5989 | D:6      | Noticed a yak
  6013 | D:6      | Killed a yak
  6014 | D:6      | Reached XP level 9. HP: 51/70 MP: 8/8
  6184 | D:5      | Reached skill level 13 in Unarmed Combat
  6312 | D:6      | Found Ufatehov's Book Shoppe.
  6332 | D:6      | Learned a level 1 spell: Summon Small Mammal
  6412 | D:6      | Found Tochol's Distillery.
  6528 | D:6      | Identified the ring "Dorronna" {rC+ Int-2 Slay+4 Stlth+}
  6657 | D:6      | Reached skill level 1 in Armour
  6657 | D:6      | Reached skill level 1 in Shields
  6750 | D:6      | Found Juqecrub's Armour Emporium.
  6967 | D:7      | Found a staircase to the Ecumenical Temple.
  6984 | Temple   | Entered the Ecumenical Temple
  7057 | Temple   | Became a worshipper of Warmaster Okawaru
  7057 | Temple   | Reached * piety under Okawaru
  7057 | Temple   | Reached ** piety under Okawaru
  7303 | D:7      | Reached skill level 1 in Invocations
  7521 | D:7      | Found a blossoming altar of Fedhas.
  7550 | D:7      | Found a shadowy altar of Dithmenos.
  7646 | D:7      | Found a basalt altar of Yredelemnul.
  7888 | D:7      | Noticed Pikel
  7898 | D:7      | Killed Pikel
  7899 | D:7      | Reached XP level 10. HP: 60/80 MP: 8/10
  8725 | D:8      | Reached *** piety under Okawaru
  8726 | D:8      | Reached skill level 14 in Unarmed Combat
  8767 | D:9      | Found Pankeapnei's General Store.
  8799 | D:9      | Found Hooshaew's Antique Weapon Boutique.
  8802 | D:9      | Bought a runed hand crossbow for 156 gold pieces
  8848 | D:9      | Found Qoetout's Jewellery Shop.
  8924 | D:9      | Found Jeuss's General Store.
  9046 | D:9      | Reached skill level 5 in Fighting
  9140 | D:9      | Found a staircase to the Orcish Mines.
  9492 | D:10     | Entered Level 10 of the Dungeon
  9526 | D:9      | Found Cezuxuph's Armour Boutique.
  9793 | D:9      | Noticed a boulder beetle
  9804 | D:9      | Slain by a boulder beetle

Illustrated notes

Levels and vault maps discovered:
D:1:      dpeg_arrival_ratfight, layout_loops_corners,
          chequers_serial_rivers_small_a
D:2:      minmay_skewed_foursquare, layout_basic, basic_altar,
          shapermc_ecumenical_altar_mp_highgroup, minmay_joined_circles
D:3:      layout_rooms
D:4:      layout_basic, mainiacjoe_overflow_24_doors
D:5:      layout_loops_corners, mainiacjoe_overflow_alcove_1,
          nicolae_gozag_zags_fifth_avenue
D:6:      layout_basic, serial_shops, shop_fountains, shop_fountains,
          shop_fountains, shop, uniq_duvessa
D:7:      minmay_the_grid_octo_2x2 [minmay_the_grid_octo_77,
          minmay_the_grid_octo_horde, minmay_the_grid_octo_empty,
          minmay_the_grid_octo_prize_star], layout_gridville,
          lemuel_round_altar, mainiacjoe_overflow_small_starburst,
          fedhas_altar_4, xom_confusion_cloud,
          minmay_temple_entry_drinking_statues, uniq_pikel
D:8:      layout_cave_pods, mainiacjoe_overflow_brackets
D:9:      layout_gridville, orc_0_dummy, serial_shops, shop,
          kennysheep_mini_moat, nicolae_square_shop, shop, shop
D:10:     layout_long_grid, mainiacjoe_overflow_concentric_impassable,
          st_stairs_6, uniq_snorg
Temple:   dshaligram_water_room_temple

Skill      XL: |  1  2  3  4  5  6  7  8  9 10 |
---------------+-------------------------------+-----
Unarmed Combat | 4 5 6 7 8 10 12 13 14 | 14.1
Armour         | 2 3 |  3.3
Dodging        | 3 4 |  4.4
Shields        | 2 3 |  3.2
Invocations    | 2 3 |  3.8
Fighting       | 4 5 |  5.3
Stealth        | |  2.1

Action                   |  1- 3 |  4- 6 |  7- 9 | 10-12 || total
-------------------------+-------+-------+-------+-------++-------
Melee: Unarmed           |   104 |   179 |   224 |    88 ||   595
       Punch             |     1 |     1 |     9 |     6 ||    17
 Fire: Hand crossbow     |       |       |       |    17 ||    17
Throw: Stone             |       |     5 |       |       ||     5
       Dart              |       |       |    18 |     1 ||    19
 Cast: Summon Small Mamm |       |       |     3 |       ||     3
  Use: Scroll            |       |     4 |     2 |       ||     6
       Potion            |       |     1 |     4 |     1 ||     6
 Stab: Sleeping          |     7 |       |     1 |     1 ||     9
       Distracted        |       |       |     1 |       ||     1
Armor: Robe              |    29 |     6 |       |       ||    35
       Scale mail        |       |    54 |    45 |       ||    99
       Leather armour    |       |       |    15 |    10 ||    25
Dodge: Dodged            |    74 |    97 |    77 |    37 ||   285
Block: Other             |       |       |       |    18 ||    18
       Reflection        |       |       |       |     1 ||     1

Table legend: (Time is in decaauts)
 A = Elapsed time spent in this place.
 B = Non-inter-level travel time spent in this place.
 C = Inter-level travel time spent in this place.
 D = Time resting spent in this place.
 E = Time spent auto-exploring this place.
 F = Levels seen in this place.
 G = Mean time per level.
                   A        B        C        D        E       F      G
               +--------+--------+--------+--------+--------+-----+--------+
         Total |   9718 |   8893 |    825 |   1449 |   5542 |  11 |  883.5 |
       Dungeon |   9636 |   8839 |    797 |   1449 |   5499 |  10 |  963.6 |
        Temple |     82 |     54 |     28 |      0 |     43 |   1 |   82.0 |
               +--------+--------+--------+--------+--------+-----+--------+

Top non-repeatable levels by time:
     D:5: 1832 daAuts
     D:1: 1321 daAuts
     D:2: 1238 daAuts
     D:8: 1062 daAuts
     D:7: 957 daAuts
     D:4: 957 daAuts
     D:6: 907 daAuts
     D:9: 737 daAuts
     D:3: 618 daAuts
  Temple: 82 daAuts
    D:10: 1 daAuts
